 Dungeon Crawl Stone Soup version 0.22-a0-533-g4d20840 (webtiles) character file.

161 Azzok the Firebug (level 5, 0/28 HPs)
             Began as a Deep Elf Fire Elementalist on June 22, 2018.
             Slain by an orc wizard
             ... wielding a cursed +0 dagger
              (1 damage)
             ... on level 3 of the Dungeon.
             The game lasted 00:03:25 (2292 turns).

Azzok the Firebug (Deep Elf Fire Elementalist)      Turns: 2292, Time: 00:03:26

Health: 0/28       AC:  2    Str:  5    XL:     5   Next: 19%
Magic:  1/11       EV: 13    Int: 21    God:
Gold:   126        SH:  0    Dex: 15    Spells: 2/10 levels left

rFire    + . .     SeeInvis .   (no weapon)
rCold    x . .     Gourm    .   (no shield)
rNeg     . . .     Faith    .   a - +0 robe
rPois    .         Spirit   .   (no helmet)
rElec    .         Reflect  .   (no cloak)
rCorr    .         Harm     .   (no gloves)
MR       .....                  (no boots)
Stlth    ++........             (no amulet)
HPRegen  0.09/turn              h - ring of fire
MPRegen  0.12/turn              (no ring)

@: very slightly contaminated
A: no striking features
a: no special abilities


You were on level 3 of the Dungeon.
You were not hungry.

You visited 1 branch of the dungeon, and saw 3 of its levels.

You collected 126 gold pieces.

Inventory:

Armour
 a - a +0 robe (worn)
Jewellery
 h - a ring of fire (left hand)
 o - an uncursed ring of ice {unknown}
Scrolls
 b - 3 scrolls of teleportation {unknown}
 e - 2 scrolls of enchant weapon {unknown}
 f - 7 scrolls of identify {unknown}
 i - a scroll of enchant armour {unknown}
 j - a scroll of magic mapping {unknown}
 l - 2 scrolls of remove curse {unknown}
Potions
 d - 2 potions of flight {unknown}
 g - a potion of curing {unknown}
 k - a potion of magic {unknown}
 m - a potion of cancellation {unknown}
Comestibles
 c - 5 rations
 n - a chunk of flesh


   Skills:
 - Level 2.4 Dodging
 - Level 2.4 Stealth
 - Level 3.0 Spellcasting
 + Level 4.0 Conjurations
 + Level 5.1 Fire Magic


You had 2 spell levels left.
You knew the following spells:

 Your Spells              Type           Power        Failure   Level  Hunger
a - Flame Tongue          Conj/Fire      ####.        1%          1    None
b - Conjure Flame         Conj/Fire      ####....     6%          3    ###....
c - Sticky Flame          Conj/Fire      ####....     21%         4    ####...

Your spell library contained the following spells:

 Spells                   Type           Power        Failure   Level  Hunger
 Fireball                 Conj/Fire      ####......   50%         5    ######.
 Throw Flame              Conj/Fire      ####..       3%          2    ##.....
 Inner Flame              Hex/Fire       ###.....     14%         3    ###....


Dungeon Overview and Level Annotations

Branches:
Dungeon (3/15)

Altars:
Yredelemnul


Message History

* * * LOW MAGIC WARNING * * *
The orc wizard casts a spell at you. The magic dart hits you!
* * * LOW HITPOINT WARNING * * *
The orc wizard points at you and mumbles some strange words.
The magic dart hits you!
* * * LOW HITPOINT WARNING * * *
The orc wizard gestures at you while chanting.
You resist with some effort.
Casting: Flame Tongue (safe; 1% risk of failure)
Confirm with . or Enter, or press ? or * to list all spells.
Aiming: Flame Tongue (safe; 1% risk of failure)
Press: ? - help, Shift-Dir - straight line, f - orc wizard
Aim: an orc wizard, wielding a dagger and wearing a robe (fast)
You feel a surge of power!
The flame tongue misses the orc wizard.
The flame tongue hits the orc.
The orc is almost dead.
* * * LOW MAGIC WARNING * * *
The orc wizard hits you with a dagger.
You die...

▒▒·▒▒▒▒▒▒········▒
▒··········▒▒▒▒▒·▒
▒··▒▒▒▒▒▒··▒▒▒▒▒·▒
▒·· ▒········▒
▒▒▒·· ▒···▒▒▒▒▒▒
····▒▒▒▒▒▒···▒
▒<········▒·▒
▒)▒▒▒▒▒▒▒▒·▒
▒)·o··o@···▒
▒▒▒▒▒▒▒▒▒▒▒▒


You could see an orc wizard and an orc.

Vanquished Creatures
  An orc priest (D:3)
  A gnoll (D:2)
  5 adders (D:2)
  3 oozes
  2 worms (D:2)
  2 dart slugs
  3 leopard geckos
  3 orcs
  4 giant cockroaches
  6 goblins
  5 hobgoblins
  3 kobolds
  A ball python (D:2)
  7 bats
  2 frilled lizards (D:2)
  5 rats
53 creatures vanquished.

Notes
Turn   | Place    | Note
-------+----------+-------------------------------------------
     0 | D:1      | Azzok the Deep Elf Fire Elementalist began the quest for the Orb.
     0 | D:1      | Reached XP level 1. HP: 10/10 MP: 6/6
   145 | D:1      | Reached XP level 2. HP: 15/15 MP: 4/8
   414 | D:1      | Found a basalt altar of Yredelemnul.
   705 | D:1      | Reached skill level 4 in Fire Magic
  1054 | D:2      | Reached XP level 3. HP: 19/19 MP: 6/9
  1175 | D:2      | Found a basalt altar of Yredelemnul.
  1499 | D:2      | Reached XP level 4. HP: 24/24 MP: 6/10
  1558 | D:2      | Learned a level 3 spell: Conjure Flame
  1600 | D:2      | Learned a level 4 spell: Sticky Flame
  2237 | D:3      | Reached skill level 5 in Fire Magic
  2286 | D:3      | Reached XP level 5. HP: 15/28 MP: 1/11
  2288 | D:3      | HP: 1/28 [orc wizard/magic dart (7)]
  2292 | D:3      | Slain by an orc wizard

Vault maps used:
D:1:      wheals_arrival_shading, minmay_hexomino_r4
D:2:      minmay_door_path, yredelemnul_altar_generic
D:3:      uniq_jessica

Skill      XL: |  1  2  3  4 |
---------------+-------------+-----
Conjurations   | 2 3 4 |  4.0
Fire Magic     | 4 5 |  5.1
Dodging        | |  2.4
Stealth        | |  2.4
Spellcasting   | |  3.0

Action                   |  1- 3 |  4- 6 || total
-------------------------+-------+-------++-------
Melee: Unarmed           |     2 |     1 ||     3
 Cast: Flame Tongue      |    53 |    46 ||    99
  Eat: Chunk             |     2 |     2 ||     4
Armor: Robe              |     4 |     2 ||     6
Dodge: Dodged            |    15 |     7 ||    22

Table legend:
 A = Spawn XP
 B = Non-spawn XP
 C = Spawn XP percentage of total XP
 D = Spawn monster count
 E = Non-spawn monster count
 F = Spawn count percentage of total count
 G = Total turns spent on level
                    A         B        C        D         E        F      G
               +---------+---------+-------+---------+---------+-------+---------
         Total |       0 |     231 |   0.0 |       0 |      53 |   0.0 |  2292
               +---------+---------+-------+---------+---------+-------+---------
           D:1 |       0 |      37 |   0.0 |       0 |      14 |   0.0 |  1048
           D:2 |       0 |     145 |   0.0 |       0 |      35 |   0.0 |  1166
           D:3 |       0 |      49 |   0.0 |       0 |       4 |   0.0 |    78
               +---------+---------+-------+---------+---------+-------+---------
